AoeStats
← beeeeeeek

Arena

514691663Analyzed
1v1 RM · 19d ago on Oct 18, 2026· 43m 4s· 2 players
Game mode
Random Map
Map size
Tiny (2 player)
Population
200
Speed
Normal
Resources
Standard
Victory
Conquest
Starting age
Dark Age
Ending age
Imperial Age
RankedLock teamsTeams togetherTeam positionsShared explorationLock speedFull tech treeHidden civsTurbo modeCheats
Victory
Defeat
🇺🇸 Dravidians · United States
1507
+18
vs
🇵🇱 Mongols · Poland
1541
-18
beeeeeeek
10:07 Feudal Age
13:39 Castle Age
11:35 Double-Bit Axe
14:43 Bow Saw
19:31 Wheelbarrow
18:42 Loom
18:46 Town Watch
20:00 Gold Mining
20:29 Horse Collar
20:53 Fletching
23:28 Ballistics
24:42 Devotion
24:40 Stone Mining
25:31 Hand Cart
26:57 Bodkin Arrow
27:03 Padded Archer Armor
27:11 Heavy Plow
28:47 Thumb Ring
28:59 Leather Archer Armor
33:50 Imperial Age
31:54 Scale Mail Armor
32:04 Forging
31:15 Man-at-Arms
31:57 Squires
32:38 Long Swordsman
33:35 Chain Mail Armor
33:53 Gambesons
34:45 Iron Casting
34:05 Arson
34:52 Conscription
34:15 Two-Handed Swordsman
34:56 Bracer
35:58 Chemistry
35:22 Wootz Steel
35:55 Ring Archer Armor
36:00 Plate Mail Armor
35:06 Champion
37:25 Blast Furnace
38:54 Masonry
39:58 Guilds
39:13 Elite Elephant Archer
42:07 Fortified Wall
41:50 Guard Tower
41:46 Arrowslits
41:44 Siege Elephant
42:32 Scale Barding Armor
42:31 Husbandry
HaZ | aoe2scout.com
11:16 Feudal Age
12:00 Double-Bit Axe
14:45 Castle Age
21:40 Fletching
22:04 Bow Saw
23:53 Padded Archer Armor
25:20 Bodkin Arrow
27:42 Ballistics
29:50 Fortified Wall
31:37 Elite Skirmisher
32:22 Thumb Ring
32:46 Loom
34:36 Wheelbarrow
33:47 Town Watch
36:03 Masonry
36:58 Leather Archer Armor
42:35 Imperial Age
42:51 Hand Cart
Connection lost

Rejoining the realm…

Still unreachable

The connection could not be restored.

Session expired

The server has moved on; the page needs a fresh start.